 Dungeon Crawl Stone Soup version 0.21-a0-225-g207ae17 (webtiles) character file.

11 dstrtn the Firebug (level 2, -1/23 HPs)
             Began as a Gnoll Wanderer on Aug 29, 2017.
             Shot with a stone by a hobgoblin (4 damage)
             ... on level 1 of the Dungeon.
             The game lasted 00:04:01 (493 turns).

dstrtn the Firebug (Gnoll Wanderer)                  Turns: 493, Time: 00:04:02

Health: -1/23      AC:  4    Str:  7    XL:     2   Next: 29%
Magic:  2/2        EV: 11    Int:  7    God:
Gold:   12         SH:  0    Dex:  7    Spells: 1/1 levels left

rFire    . . .     SeeInvis .   e - +0 blowgun
rCold    . . .     Gourm    .   (no shield)
rNeg     . . .     Faith    .   a - +0 leather armour
rPois    .         Spirit   .   h - +0 helmet
rElec    .         Reflect  .   (no cloak)
rCorr    .         Harm     .   (no gloves)
MR       .....                  (no boots)
Stlth    +.........             (no amulet)
HPRegen  0.07/turn              (no ring)
MPRegen  0.08/turn              (no ring)

@: no status effects
A: unchanging attributes, fangs 1, strong nose
a: no special abilities


You were on level 1 of the Dungeon.
You were not hungry.

You visited 1 branch of the dungeon, and saw 1 of its levels.

You collected 12 gold pieces.

Inventory:

Hand Weapons
 e - a +0 blowgun (weapon)
 j - a +0 dagger
 k - a +0 club
Missiles
 d - a poisoned needle (quivered)
 l - 2 stones
Armour
 a - a +0 leather armour (worn)
 h - a +0 helmet (worn)
Scrolls
 i - a scroll of enchant weapon {unknown}
Books
 c - the Volume of the Voyage

   Spells                             Type                      Level
   a - Apportation                    Translocation                1
   b - Teleport Other                 Translocation                3
Comestibles
 f - a bread ration
 g - a meat ration
 m - a fruit
 n - 4 chunks of flesh


   Skills:
 * Level 2.3 Fighting
 - Level 1.3 Short Blades
 + Level 2.0 Throwing
 + Level 1.0 Armour
 - Level 2.6 Dodging
 - Level 1.2 Stealth
   Level 1.3 Shields
   Level 1.3 Necromancy
   Level 2.6 Fire Magic


You had one spell level left.
You didn't know any spells.

Dungeon Overview and Level Annotations

Branches:
Dungeon (1/15)

Altars:


Innate Abilities, Weirdness & Mutations

Your physical attributes are unchanging.
You have very sharp teeth.
Your uncanny sense of smell can sniff out nearby items.


Message History

Press: ? - help, Shift-Dir - straight line, f/p - hobgoblin
Aim: a hobgoblin, wearing a chain mail (heavily wounded)
You shoot a poisoned needle. The poisoned needle hits the hobgoblin.
The hobgoblin is poisoned.
The hobgoblin is heavily wounded.
The hobgoblin wields an uncursed hunting sling.
The hobgoblin shoots a stone.
The stone hits you.
* * * LOW HITPOINT WARNING * * *
You see here 2 stones.
The hobgoblin shoots a stone.
The stone hits you but does no damage.
You see here a stone.
The hobgoblin shoots a stone.
The stone misses you.
Firing (i - inventory. (,) - cycle):
d - 2 poisoned needles (quivered)
Press: ? - help, Shift-Dir - straight line, f/p - hobgoblin
Aim: a hobgoblin, wielding a hunting sling and wearing a chain mail (severely wounded, poisoned)
You shoot a poisoned needle. The poisoned needle hits the hobgoblin.
The hobgoblin looks even sicker.
The hobgoblin is severely wounded.
The hobgoblin shoots a stone.
The stone hits you.
You die...

#.......# #.# #.......# #.#
#.......###.# ............#
###### #...######### #....#
############ #....#
...........# #....#
####...###.##########....#.#.
.............(..@(()g....((..
####...##...########.....#.#.
# #...##...# #.##### #
#...##....# #(# # #######...#
#####.# #....##.....#
####.##.....# ..#.....#
#.....#


You could see a hobgoblin.

Vanquished Creatures
  A giant cockroach (D:1)
  3 goblins (D:1)
  A hobgoblin (D:1)
  A ball python (D:1)
  2 frilled lizards (D:1)
  A kobold (D:1)
  3 rats (D:1)
12 creatures vanquished.

Notes
Turn   | Place    | Note
-------+----------+-------------------------------------------
     0 | D:1      | dstrtn the Gnoll Wanderer began the quest for the Orb.
     0 | D:1      | dstrtn set off with: a +0 leather armour, 3 throwing nets, the Volume of the Voyage, 7 poisoned needles, a +0 blowgun, a bread ration
     0 | D:1      | Reached XP level 1. HP: 15/15 MP: 1/1
   349 | D:1      | Identified the Volume of the Voyage
   364 | D:1      | Reached XP level 2. HP: 22/22 MP: 2/2
   449 | D:1      | Reached skill level 1 in Armour
   493 | D:1      | Shot with a stone by a hobgoblin

Vault maps used:
D:1:      sevenhm_arrival_forest_fort_small_4

Skill      XL: |  1  2 |
---------------+-------+-----
Throwing       | 2 |  2.0
Fighting       | 2 |  2.3
Armour         | 1 |  1.0
Short Blades   | |  1.3
Dodging        | |  2.6
Stealth        | |  1.2
Shields        | |  1.3
Necromancy     | |  1.3
Fire Magic     | |  2.6

Action                   || total
-------------------------++-------
Melee: Club              ||    57
       Bite              ||     2
 Fire: Blowgun           ||    19
Throw: Throwing net      ||     5
Armor: Leather armour    ||    25
Dodge: Dodged            ||    50

Table legend:
 A = Spawn XP
 B = Non-spawn XP
 C = Spawn XP percentage of total XP
 D = Spawn monster count
 E = Non-spawn monster count
 F = Spawn count percentage of total count
 G = Total turns spent on level
                    A         B        C        D         E        F      G
               +---------+---------+-------+---------+---------+-------+---------
         Total |       1 |      16 |   5.9 |       1 |      11 |   8.3 |   493
               +---------+---------+-------+---------+---------+-------+---------
           D:1 |       1 |      16 |   5.9 |       1 |      11 |   8.3 |   493
               +---------+---------+-------+---------+---------+-------+---------
